 Dungeon Crawl Stone Soup version 0.20.1-1-g8b1a95d (webtiles) character file.

922 theAP the Cudgeler (level 8, -6/46 HPs)
             Began as a Gargoyle Fighter on Aug 21, 2017.
             Was a Follower of Ashenzari.
             Mangled by an orc warrior
             ... wielding a +0 trident
              (8 damage)
             ... on level 6 of the Dungeon.
             The game lasted 00:08:51 (4664 turns).

theAP the Cudgeler (Gargoyle Fighter)               Turns: 4664, Time: 00:08:52

Health: -6/46      AC: 15    Str: 23    XL:     8   Next: 10%
Magic:  8/8        EV:  5    Int:  8    God:    Ashenzari [*.....]
Gold:   221        SH:  9    Dex:  9    Spells: 7/7 levels left

rFire    . . .     SeeInvis .   a - +1 flail
rCold    . . .     Gourm    .   c - +0 shield (curse)
rNeg     + + .     Faith    .   k - +0 chain mail {rN+}
rPois    ∞         Spirit   .   t - +0 helmet
rElec    +         Reflect  .   (no cloak)
rCorr    .         Harm     .   (no gloves)
MR       .....                  (no boots)
Stlth    ..........             l - amulet of regeneration (curse)
Regen    0.6/turn               (no ring)
MPRegen  0.2/turn               (no ring)

@: no status effects
A: frail 1, negative energy resistance 1, screaming 1, electricity resistance,
unbreathing, petrification resistance, rot immunity, AC +5
a: Curse Item, Scrying, Renounce Religion


You were on level 6 of the Dungeon.
You worshipped Ashenzari.
Ashenzari was aware of your devotion.
You were not hungry.

You visited 1 branch of the dungeon, and saw 6 of its levels.

You collected 221 gold pieces.

Inventory:

Hand Weapons
 a - a +1 flail (weapon)
Armour
 b - a +0 scale mail
 c - a cursed +0 shield (worn)
 k - a +0 chain mail of positive energy (worn)
 t - a +0 helmet (worn)
Jewellery
 l - a cursed amulet of regeneration (around neck)
Scrolls
 g - 2 scrolls of enchant weapon
 m - 4 scrolls of teleportation
 n - 2 scrolls of identify
 v - a scroll of remove curse
 w - a scroll of fog {unknown}
 x - a scroll of recharging {unknown}
Potions
 d - a potion of might
 e - a potion of magic
 h - a potion of berserk rage {unknown}
 i - 3 potions of curing {unknown}
 j - 3 potions of brilliance
 q - a potion of flight
 s - a potion of invisibility
 u - a potion of haste {unknown}
Comestibles
 f - 2 bread rations
 o - 7 fruits
 p - 2 meat rations
 r - 3 royal jellies


   Skills:
 + Level 6.4 Fighting
 * Level 7.7 Maces & Flails
 - Level 3.2 Armour
 - Level 3.2 Shields


You had 7 spell levels left.
You didn't know any spells.

Dungeon Overview and Level Annotations

Branches:
Dungeon (6/15)
 Temple: D:4-7

Altars:
Ashenzari
Dithmenos
Ru
Sif Muna
Yredelemnul


Innate Abilities, Weirdness & Mutations

You are resistant to torment.
Your stone body is resilient. (AC +5)
You are immune to poison.
You resist negative energy. (rN+)
You are resistant to electric shocks. (rElec)
You can survive without breathing.
You are immune to petrification.
You are immune to rotting.
You are frail. (-10% HP)
You occasionally shout uncontrollably at your foes.


Message History

The orc warrior is moderately wounded.
The orc warrior hits you with a trident.
* * * LOW HITPOINT WARNING * * *
You closely miss the orc warrior.
The orc warrior is moderately wounded.
You block the orc warrior's attack.
Your chain mail prevents you from hitting the orc warrior.
The orc warrior is moderately wounded.
The orc warrior hits you with a trident!
* * * LOW HITPOINT WARNING * * *
You hit the orc warrior.
The orc warrior is heavily wounded.
The orc warrior barely misses you.
You hit the orc warrior but do no damage.
The orc warrior is heavily wounded.
The orc warrior hits you but does no damage.
You hit the orc warrior but do no damage.
The orc warrior is heavily wounded.
The orc warrior hits you with a trident!
You die...

##...#.#.#
#...#.#.#
#.#...#.#
#<..###.#
###.###.#
#.......#
#.##.####
..########.##.#
......)@......#
......o....####
#..........#
#..........#
############


You could see an orc warrior.

Vanquished Creatures
  A sky beast (D:5)
  2 centaurs
  2 scorpions
  2 howler monkeys
  An orc priest (D:6)
  A hound (D:5)
  An orc wizard (D:3)
  5 iguanas
  2 worker ants
  A worker ant zombie (D:5)
  A howler monkey skeleton (D:4)
  10 adders
  An adder zombie (D:5)
  4 worms
  3 adder skeletons (D:6)
  2 dart slugs
  6 leopard geckos
  14 orcs
  8 bats
  2 giant cockroaches
  3 goblins
  6 hobgoblins
  7 jackals
  3 quokkas
  A ball python (D:4)
  4 frilled lizards
  8 kobolds
  A leopard gecko skeleton (D:4)
  8 rats
110 creatures vanquished.

Notes
Turn   | Place    | Note
-------+----------+-------------------------------------------
     0 | D:1      | theAP the Gargoyle Fighter began the quest for the Orb.
     0 | D:1      | Reached XP level 1. HP: 14/14 MP: 1/1
   116 | D:1      | Reached XP level 2. HP: 17/19 MP: 2/2
   456 | D:1      | Reached skill level 3 in Maces & Flails
   602 | D:1      | Reached XP level 3. HP: 22/23 MP: 3/3
   975 | D:2      | Reached XP level 4. HP: 29/29 MP: 4/4
  1201 | D:2      | Found a basalt altar of Yredelemnul.
  1201 | D:2      | Found a sacrificial altar of Ru.
  1206 | D:2      | Found a deep blue altar of Sif Muna.
  1209 | D:2      | Found a shattered altar of Ashenzari.
  1211 | D:2      | Found a shadowy altar of Dithmenos.
  1224 | D:2      | Became a worshipper of Ashenzari the Shackled
  1281 | D:2      | Reached skill level 4 in Maces & Flails
  2126 | D:3      | Reached XP level 5. HP: 28/33 MP: 5/5
  2675 | D:4      | Reached skill level 5 in Maces & Flails
  2855 | D:4      | Reached XP level 6. HP: 34/40 MP: 6/6
  3164 | D:5      | Entered Level 5 of the Dungeon
  3179 | D:5      | Reached skill level 5 in Fighting
  3412 | D:5      | Noticed a sky beast
  3430 | D:5      | Killed a sky beast
  3430 | D:5      | Reached skill level 6 in Maces & Flails
  3430 | D:5      | Reached XP level 7. HP: 39/44 MP: 7/7
  3433 | D:5      | Gained mutation: You are frail. (-10% HP) [mutagenic meat]
  3434 | D:5      | Gained mutation: You occasionally shout uncontrollably at your foes. [mutagenic meat]
  3668 | D:5      | Found a shadowy altar of Dithmenos.
  3707 | D:5      | Reached * piety under Ashenzari
  3979 | D:5      | Reached skill level 7 in Maces & Flails
  4314 | D:6      | Reached XP level 8. HP: 26/46 MP: 8/8
  4661 | D:6      | HP: 1/46 [orc warrior/trident (13)]
  4664 | D:6      | Mangled by an orc warrior

Skill      XL: |  1  2  3  4  5  6  7 |
---------------+----------------------+-----
Maces & Flails | 3 4 5 6 7 |  7.7
Fighting       | 4 5 6 |  6.4
Armour         | |  3.2
Shields        | |  3.2

Action                   |  1- 3 |  4- 6 |  7- 9 || total
-------------------------+-------+-------+-------++-------
Melee: Flail             |   142 |   296 |   159 ||   597
Invok: Curse Item        |       |       |     2 ||     2
  Use: Scroll            |       |    10 |       ||    10
  Eat: Chunk             |       |     9 |     6 ||    15
Armor: Scale mail        |    23 |       |       ||    23
       Chain mail        |    81 |   183 |    79 ||   343
Dodge: Dodged            |    46 |    67 |    33 ||   146
Block: Shield            |    95 |   145 |    74 ||   314
